 Dungeon Crawl Stone Soup version 0.31-a0-233-g139696dc86 (webtiles) character file.

Game seed: 14509026717529674509

74 qw the Shooter (level 4, -3/36 HPs)
             Began as a Minotaur Hexslinger on July 8, 2023.
             Slain by Sigmund
             ... wielding a +0 scythe
              (8 damage)
             ... on level 2 of the Dungeon.
             The game lasted 00:00:23 (1090 turns).

qw the Shooter (Minotaur Hexslinger)                Turns: 1090, Time: 00:00:23

Health: -3/36      AC:  6    Str: 13    XL:     4   Next: 10%
Magic:  4/4        EV: 11    Int: 10    God:
Gold:   109        SH:  0    Dex: 14    Spells: 4/5 levels left

rFire   . . .        Y - +1 sling
rCold   . . .        (no shield)
rNeg    . . .        d - +0 ring mail
rPois   .            (helmet restricted)
rElec   .            i - +0 cloak
rCorr   .            (no gloves)
SInv    .            (no boots)
Will    .....        (no amulet)
Stlth   +            (no ring)
HPRegen 0.26/turn    (no ring)
MPRegen 0.09/turn

%: no passive effects
@: no status effects
A: horns 2, retaliatory headbutt
a: no special abilities


You were on level 2 of the Dungeon.
You visited 1 branch of the dungeon, and saw 2 of its levels.

You collected 109 gold pieces.


Innate Abilities, Weirdness & Mutations

You have a pair of horns on your head.
You reflexively headbutt those who attack you in melee.


   Skills:
 - Level 2.0 Fighting
 + Level 4.3 Ranged Weapons
 - Level 1.4 Armour
 - Level 2.1 Dodging
 - Level 1.0 Spellcasting
 - Level 2.0 Hexes


You had 4 spell levels left.
You knew the following spells:

 Your Spells              Type           Power      Damage    Failure   Level
a - Slow                  Hex            16%        N/A       32%         1

Your spell library contained the following spells:

 Spells                   Type           Power      Damage    Failure   Level
 Inner Flame              Hex/Fire       2%         N/A       82%         3
 Portal Projectile        Hex/Tloc       4%         N/A       82%         3
 Cause Fear               Hex            2%         N/A       97%         4

Inventory:

Hand Weapons
 Y - a +1 sling (weapon)
Armour
 d - a +0 ring mail (worn)
 i - a +0 cloak (worn)
Jewellery
 f - a ring of fire
Potions
 a - a potion of brilliance {unknown}
 h - a potion of curing

Dungeon Overview and Level Annotations

Branches:
Dungeon (2/15)

Altars:

Annotations:
D:2 Sigmund


Message History

You shoot a sling bullet.
The sling bullet barely misses the kobold.
You shoot a sling bullet. The sling bullet hits the kobold.
The kobold is severely wounded.
An adder comes into view.
You shoot a sling bullet.
The sling bullet closely misses the kobold.
The sling bullet closely misses the rat.
The kobold barely misses you.
You shoot a sling bullet.
The sling bullet hits the kobold but does no damage.
The kobold is severely wounded.
The kobold hits you with a +0 morningstar.
Something hits you. The adder closely misses you. The kobold barely misses you.
You shoot a sling bullet. The sling bullet hits the kobold.
You kill the kobold!
The adder closely misses you. You furiously retaliate!
You headbutt the adder. Something hits you! The adder misses you.
You shoot a sling bullet.
The sling bullet closely misses the adder.
The adder bites you but does no damage. Something hits you but does no damage.
The rat closely misses you.
You shoot a sling bullet. The sling bullet hits the adder.
The adder is almost dead.
You hear a shout!
The adder bites you but does no damage. The rat barely misses you.
The adder barely misses you. You furiously retaliate!
You headbutt the adder, but do no damage.
A kobold comes into view. It is wielding a +0 short sword.
Something hits you.
You shoot a sling bullet. The sling bullet hits the adder.
You kill the adder!
The rat bites you but does no damage. x2; Something hits you.
Your Armour skill increases to level 1!
You have reached level 4!
You feel stronger.
You shoot a sling bullet. The sling bullet barely misses the rat.
The kobold throws a stone.
The stone completely misses you. The rat bites you but does no damage.
The kobold throws a stone.
The stone barely misses you. Something hits you!
You die...

... .# ... .# . .. ## ..
..###.# ## #.# .# .....
.#.. #. .# #..{####.#
.## .# #.r#....###).# .#
#..@####...# .####
......##.#..##.###......
..... #...#..#.#....####
.... ##K###.##.###.# ###
..#.#.#...#...#
..##...###.#...# # .
#.###.#.#....# #
.#..##...#....# #
......###....### #


You could see a kobold and a rat.

Vanquished Creatures
  Jessica (D:2)
  2 adders (D:2)
  A dart slug (D:1)
  2 endoplasms (D:1)
  A giant cockroach (D:2)
  3 goblins (D:1)
  2 hobgoblins (D:1)
  5 kobolds
  4 quokkas
  5 ball pythons
  2 rats (D:1)
28 creatures vanquished.

Notes
Turn   | Place    | Note
-------+----------+-------------------------------------------
     0 | D:1      | qw the Minotaur Hexslinger began the quest for the Orb.
     0 | D:1      | Reached XP level 1. HP: 16/16 MP: 1/1
     0 | D:1      | 0 ||| qw: Version: 0.3-a-46-gb1f654a
     0 | D:1      | 0 ||| qw: Game counter: 3441
     0 | D:1      | 0 ||| qw: Melee chars always use a shield: true
     0 | D:1      | 0 ||| qw: God list: Okawaru
     0 | D:1      | 0 ||| qw: Allow faded altars: false
     0 | D:1      | 0 ||| qw: Do Orc after clearing Dungeon:15 true
     0 | D:1      | 0 ||| qw: Do second Lair branch before Depths: true
     0 | D:1      | 0 ||| qw: Lair rune preference: random
     0 | D:1      | 0 ||| qw: Goals: Normal
     0 | D:1      | 0 ||| PLANNING D:1-11
   248 | D:1      | Reached skill level 3 in Ranged Weapons
   248 | D:1      | Reached XP level 2. HP: 23/23 MP: 2/2
   253 | D:1      | 253 ||| FLEEEEING.
   254 | D:1      | 254 ||| FLEEEEING.
   448 | D:1      | 448 ||| FLEEEEING.
   878 | D:1      | 878 ||| UPGRADING to +0 ring mail.
   888 | D:1      | 888 ||| DROPPING +0 robe.
   889 | D:1      | 889 ||| UPGRADING to +0 cloak.
   894 | D:1      | 894 ||| READING scroll labelled WEMIGU RERHI.
   895 | D:1      | 895 ||| READING scroll labelled WOIXKEV OCWY.
   896 | D:1      | 896 ||| DRINKING 2 orange potions.
   897 | D:1      | 897 ||| DROPPING scroll of poison.
   936 | D:2      | Reached XP level 3. HP: 27/29 MP: 3/3
   951 | D:2      | Noticed Jessica
   961 | D:2      | Killed Jessica
   962 | D:2      | Reached skill level 4 in Ranged Weapons
  1078 | D:2      | Noticed Sigmund
  1089 | D:2      | HP: 3/29 [something (6)]
  1090 | D:2      | Reached skill level 1 in Armour
  1090 | D:2      | Reached XP level 4. HP: 4/36 MP: 4/4
  1090 | D:2      | Slain by Sigmund

Levels and vault maps discovered:
D:1:      noname_arrival_rooms_in_the_neighbourhood, layout_basic,
          minmay_misc_feat_square, dk_noncrumbling_2
D:2:      layout_basic, serial_bayou_pond_a, kennysheep_donut,
          minmay_pentomino_pile, uniq_jessica, uniq_terence, uniq_sigmund

Skill      XL: |  1  2  3 |
---------------+----------+-----
Ranged Weapons | 3 4 |  4.3
Fighting       | 2 |  2.0
Armour         | 1 |  1.4
Dodging        | |  2.1
Spellcasting   | |  1.0
Hexes          | |  2.0

Action                     |  1- 3 |  4- 6 || total
---------------------------+-------+-------++-------
   Fire: Sling             |    90 |     1 ||    91
    Use: Scroll            |     2 |       ||     2
         Potion            |     1 |       ||     1
 Armour: Ring mail         |    13 |     1 ||    14
  Dodge: Dodged            |    37 |     2 ||    39

Table legend:
 A = Non-vault XP
 B = Vault XP
 C = Vault XP percentage of total XP
 D = Non-vault monster count
 E = Vault monster count
 F = Vault count percentage of total count
                 A         B        C        D         E       F
            +---------+---------+-------+---------+---------+-------
      Total |      66 |      41 |  38.3 |      24 |       4 |  14.3
            +---------+---------+-------+---------+---------+-------
        D:1 |      33 |       0 |   0.0 |      18 |       0 |   0.0
        D:2 |      33 |      41 |  55.4 |       6 |       4 |  40.0
            +---------+---------+-------+---------+---------+-------
